 Dungeon Crawl Stone Soup version 0.31-a0-152-g6aa68a64a1 (webtiles) character file.

Game seed: 1464247336454257894

40 qw the Shooter (level 3, 0/31 HPs)
             Began as a Minotaur Hunter on June 10, 2023.
             Slain by a hobgoblin
             ... wielding a +0 spear
              (7 damage)
             ... on level 2 of the Dungeon.
             The game lasted 00:00:26 (874 turns).

qw the Shooter (Minotaur Hunter)                     Turns: 874, Time: 00:00:26

Health: 0/31       AC:  5    Str: 15    XL:     3   Next: 30%
Magic:  2/2        EV: 11    Int:  6    God:
Gold:   28         SH:  0    Dex: 15    Spells: 2/2 levels left

rFire   . . .        Y - +1 shortbow
rCold   . . .        (shield currently unavailable)
rNeg    . . .        e - +0 ring mail
rPois   .            (helmet restricted)
rElec   .            (no cloak)
rCorr   .            (no gloves)
SInv    .            (no boots)
Will    .....        (no amulet)
Stlth   +            (no ring)
HPRegen 0.25/turn    (no ring)
MPRegen 0.08/turn

%: no passive effects
@: no status effects
A: horns 2, retaliatory headbutt
a: no special abilities


You were on level 2 of the Dungeon.
You visited 1 branch of the dungeon, and saw 2 of its levels.

You collected 28 gold pieces.


Innate Abilities, Weirdness & Mutations

You have a pair of horns on your head.
You reflexively headbutt those who attack you in melee.


   Skills:
 - Level 3.0 Fighting
 + Level 5.3 Ranged Weapons
 - Level 1.0 Armour
 - Level 2.1 Dodging
 - Level 0.7 Stealth


You had 2 spell levels left.
You didn't know any spells.
Your spell library was empty.

Inventory:

Hand Weapons
 Y - a +1 shortbow (weapon)
Armour
 e - a +0 ring mail (worn)
Scrolls
 a - a scroll of amnesia {unknown}
Potions
 f - a potion of mutation {unknown}
 i - a potion of cancellation {unknown}

Dungeon Overview and Level Annotations

Branches:
Dungeon (2/15)

Altars:


Message History

The bat hits you but does no damage.
You shoot an arrow. The arrow hits the bat!
You kill the bat!
You shoot an arrow. The arrow barely misses the kobold.
The arrow hits the hobgoblin but does no damage.
The kobold completely misses you.
You shoot an arrow. The arrow hits the kobold.
You kill the kobold!
The hobgoblin hits you but does no damage.
The hobgoblin closely misses you.
You shoot an arrow.
The arrow hits the hobgoblin but does no damage.
The hobgoblin hits you from afar with a +0 spear.
You shoot an arrow. The arrow hits the rat!
You kill the rat!
The hobgoblin hits you from afar with a +0 spear.
You shoot an arrow. The arrow closely misses the hobgoblin.
The arrow barely misses the kobold.
The hobgoblin hits you from afar with a +0 spear.
You shoot an arrow.
The arrow hits the hobgoblin but does no damage.
The hobgoblin completely misses you.
The hobgoblin hits you from afar with a +0 spear!
You shoot an arrow. The arrow hits the hobgoblin.
You kill the hobgoblin!
The hobgoblin hits you from afar with a +0 spear. x2
The kobold hits you with a +0 club.
You shoot an arrow. The arrow hits the kobold.
You kill the kobold!
The hobgoblin hits you from afar with a +0 spear.
Your Armour skill increases to level 1!
You shoot an arrow.
The arrow hits the hobgoblin but does no damage.
The hobgoblin misses you.
You shoot an arrow. The arrow hits the hobgoblin.
The hobgoblin is almost dead.
The hobgoblin hits you but does no damage.
You shoot an arrow. The arrow barely misses the hobgoblin.
The hobgoblin hits you from afar with a +0 spear!
You die...

##......##.######.###.....
.<.#.#..##.# #..........
........##.# #..........
##.#.#.###.# #.####.....
#.....# #.. #.# ##.#
#.#.### #.#. #.# # #.#.#
.###.##.#####... #....
#...%.....# ... ##
.....##@######.. ....
#)....... .......g###.###
.....##.. .... #.#. ###
#.#.. #.# #g #.. .. #.# #.


You could see a hobgoblin.

Vanquished Creatures
  3 bats
  3 endoplasms
  A giant cockroach (D:1)
  4 hobgoblins
  3 jackals (D:1)
  2 quokkas (D:1)
  3 ball pythons (D:1)
  A frilled lizard (D:1)
  2 goblins (D:1)
  7 kobolds
  5 rats
34 creatures vanquished.

Notes
Turn   | Place    | Note
-------+----------+-------------------------------------------
     0 | D:1      | qw the Minotaur Hunter began the quest for the Orb.
     0 | D:1      | Reached XP level 1. HP: 18/18 MP: 0/0
     0 | D:1      | 0 ||| qw: Version: 0.2-a-122-gbc61b45
     0 | D:1      | 0 ||| qw: Game counter: 3677
     0 | D:1      | 0 ||| qw: Always use a shield: true
     0 | D:1      | 0 ||| qw: God list: Okawaru
     0 | D:1      | 0 ||| qw: Allow faded altars: false
     0 | D:1      | 0 ||| qw: Do Orc after D:15 true
     0 | D:1      | 0 ||| qw: Do second Lair branch before Depths: true
     0 | D:1      | 0 ||| qw: Lair rune preference: random
     0 | D:1      | 0 ||| qw: Plans: Normal
     0 | D:1      | 0 ||| PLANNING D:1-11
    83 | D:1      | Reached XP level 2. HP: 25/25 MP: 1/1
   120 | D:1      | Reached skill level 5 in Ranged Weapons
   144 | D:1      | Found a faded altar of an unknown god.
   216 | D:1      | Reached skill level 3 in Fighting
   576 | D:1      | Reached XP level 3. HP: 31/31 MP: 2/2
   734 | D:1      | 734 ||| UPGRADING to +0 ring mail.
   744 | D:1      | 744 ||| DROPPING +0 leather armour.
   745 | D:1      | 745 ||| READING 2 scrolls labelled CUSEAS WIGELO.
   746 | D:1      | 746 ||| READING scroll labelled WITHEN HYCLIU.
   750 | D:1      | 750 ||| READING scroll labelled BOMNONW LOUNOEPYF.
   751 | D:1      | 751 ||| DROPPING scroll of immolation.
   752 | D:1      | 752 ||| DROPPING scroll of butterflies.
   862 | D:2      | 862 ||| Stepping ~*~*~tactically~*~*~ (outnumbered).
   871 | D:2      | HP: 6/31 [hobgoblin/+0 spear (5)]
   872 | D:2      | Reached skill level 1 in Armour
   874 | D:2      | Slain by a hobgoblin

Levels and vault maps discovered:
D:1:      lightli_iron_boxes, layout_basic,
          shapermc_ecumenical_altar_mp_ritualfount, serial_park_tiny_2
D:2:      cheibrodos_greedy_goblins, layout_loops_ring, minmay_indecisive_spiral

Skill      XL: |  1  2  3 |
---------------+----------+-----
Ranged Weapons | 5 |  5.3
Fighting       | 3 |  3.0
Armour         | 1 |  1.0
Dodging        | |  2.1
Stealth        | |  0.7

Action                     || total
---------------------------++-------
   Fire: Shortbow          ||   107
    Use: Scroll            ||     3
 Armour: Leather armour    ||     7
         Ring mail         ||     3
  Dodge: Dodged            ||    28

Table legend:
 A = Non-vault XP
 B = Vault XP
 C = Vault XP percentage of total XP
 D = Non-vault monster count
 E = Vault monster count
 F = Vault count percentage of total count
                 A         B        C        D         E       F
            +---------+---------+-------+---------+---------+-------
      Total |      51 |       7 |  12.1 |      30 |       4 |  11.8
            +---------+---------+-------+---------+---------+-------
        D:1 |      46 |       0 |   0.0 |      27 |       0 |   0.0
        D:2 |       5 |       7 |  58.3 |       3 |       4 |  57.1
            +---------+---------+-------+---------+---------+-------
